Cogmind - Beta 16.1 @@@ ROGUE MODE // 2026.04.04 @ 20:59:55 Player: Thqwib-Linux Result: Destroyed by AM-WE2(R) with Subdweller Machine Gun Performance ------------- Evolutions (0) 0 Regions Visited (2) 400 Robots Destroyed (34) 170 Value Destroyed (786) 786 Prototype IDs (1) 20 Alien Tech Used (0) 0 Bonus (0) 0 TOTAL SCORE: 1376 Bonus ------- None Cogmind --------- Core Integrity 0/250 Matter 263/300 Energy 86/250 System Corruption 0% Temperature Cool (0) Movement Treading (160) Location -10/Subcaves Parts ------- > --- POWER (1) -------- Ion Engine > --- PROPULSION (2) --- Light Treads Spiked Treads > --- UTILITY (2) ------ Large Storage Unit Backup Plating I > --- WEAPON (2) ------- Advanced Beam Cannon Subdweller Machine Gun > --- INVENTORY (15) --- Meta Core Subdweller Monowheel Cooling System Medium Laser Subdweller Laser Advanced Beam Cannon Subdweller Beam Cannon Assault Rifle Assault Rifle Subdweller Machine Gun Grenade Launcher Makeshift Axe Peak State ------------ > --- POWER ------------ Ion Engine > --- PROPULSION ------- Light Treads Spiked Treads > --- UTILITY ---------- Cooling System Large Storage Unit > --- WEAPON ----------- Advanced Beam Cannon Subdweller Machine Gun > --- INVENTORY -------- Ion Engine Meta Core Light Treads Subdweller Monowheel Scrap Shield Medium Laser Subdweller Laser Advanced Beam Cannon Subdweller Beam Cannon Assault Rifle Assault Rifle Subdweller Machine Gun Grenade Launcher Makeshift Axe [Rating: 15] Favorites ----------- Power Ion Engine Engine Ion Engine Propulsion Light Treads Treads Light Treads Leg Aluminum Leg Utility Cooling System Device Cooling System Storage Large Storage Unit Protection Backup Plating I Weapon Advanced Beam Cannon Energy Cannon Advanced Beam Cannon Ballistic Gun Assault Rifle Build | -11 -10 -10 ------- Run | Yrd Mat Sub Slots Evolved . | . . . Power . | . . . Propulsion . | . . . Utility . | . . . Weapon . | . . . Parts Attached 25 | 2 12 11 Power 3 | . 2 1 Engine 3 | . 2 1 Core . | . . . Reactor . | . . . Propulsion 7 | 2 3 2 Treads 7 | 2 3 2 Leg . | . . . Wheel . | . . . Hover . | . . . Flight . | . . . Utility 5 | . 4 1 Device 1 | . 1 . Storage 3 | . 3 . Processor . | . . . Hackware . | . . . Protection 1 | . . 1 Artifact . | . . . Weapon 10 | . 3 7 Energy Gun . | . . . Energy Cannon 3 | . 2 1 Ballistic Gun 7 | . 1 6 Ballistic Cannon . | . . . Launcher . | . . . Special Weapon . | . . . Impact Weapon . | . . . Slashing Weapon . | . . . Piercing Weapon . | . . . Special Melee Weapon . | . . . Unidentified Prototypes 1 | . 1 . Parts Lost 3 | . . 3 Power 1 | . . 1 Propulsion 2 | . . 2 Utility . | . . . Weapon . | . . . Highest Loss Streak 2 | . . 2 To Critical Strikes . | . . . Average Backups 10 | 5 8 12 Power 1 | 1 1 1 Propulsion 1 | 3 3 . Utility . | . . . Weapon 6 | 1 4 8 Tool/Special . | . . . Unused Backups 20 | . 8 12 Power 3 | . 2 1 Propulsion 5 | . 4 1 Utility 2 | . 1 1 Weapon 9 | . 1 8 Tool/Special 1 | . . 1 Average Slot Usage (%) 99 | . 98 99 Engine 14 | . 14 14 Treads 27 | . 27 28 Device 13 | . 13 12 Storage 14 | . 14 14 Energy Cannon 13 | . 13 13 Ballistic Gun 14 | . 14 14 Peak Build Rating 15 | 6 11 15 Average Rating 12 | 5 10 13 On Entrance 7 | 6 6 11 Avg Prop Armor Cover (%) . | . . . Naked Turns . | . . . Heaviest Build 93 | 12 93 35 Greatest Support 40 | 40 40 40 Greatest Overweight (x) 2 | . 2 . Average Overweight (x) . | . . . Largest Inventory Capacity 25 | 8 25 15 Average Capacity 14 | 8 13 15 Most Carried 15 | 6 11 15 Average Carried 11 | 4 8 13 Final Capacity 15 | 8 15 15 Final Carried 12 | 2 11 12 Class Distribution -------------------- 100% | Mutant Dominant Class ---------------- Mutant | -10/Materials Mutant | -10/Subcaves Resources | -11 -10 -10 ----------- Run | Yrd Mat Sub Matter Collected 706 | 149 370 187 Remotely . | . . . Salvage Created 1010 | . 643 367 Parts 68 | . 46 22 Haulers Intercepted 2 | . 2 . Recyclers Shooed . | . . . Parts Field Recycled . | . . . Retrieved Matter . | . . . Parts Self-Destructed 16 | . . 16 Prevented . | . . . Parts Restored . | . . . Kills | -11 -10 -10 ------- Run | Yrd Mat Sub Combat Hostiles Destroyed 26 | . 14 12 Guns 7 | . 3 4 Cannons 19 | . 11 8 Classes Destroyed 9 | . 8 1 Builder 1 | . 1 . Tunneler 2 | . 2 . Hauler 2 | . 2 . Recycler 1 | . 1 . Operator 1 | . 1 . Watcher 1 | . 1 . Swarmer 10 | . 6 4 Grunt 8 | . 8 . Subdweller 8 | . . 8 Best Kill Streak 6 | . 6 4 Combat Bots Only 4 | . 3 4 Max Kills in Single Turn 2 | . 1 2 Gunslinging . | . . . Exploded . | . . . Melee . | . . . Uniques/NPCs Destroyed . | . . . Combat | -11 -10 -10 -------- Run | Yrd Mat Sub Hostile Shots Fired 116 | . 38 78 Missed 31 | . 8 23 Hits 85 | . 30 55 Projectile 85 | . 30 55 Critical Strikes 1 | . . 1 Damage Taken 1308 | . 289 1019 Core 257 | . 49 208 Absorbed by Shields . | . . . Regen/Repaired (Parts) 144 | . 144 . Core Remaining (%) 100 | 100 . . Volleys Fired 207 | . 52 155 Largest 2 | . 2 2 Hottest 98 | . 88 98 Shots Fired 300 | . 104 196 Gun 94 | . 53 41 Cannon 206 | . 51 155 Launcher . | . . . Special . | . . . Kinetic 94 | . 53 41 Thermal 206 | . 51 155 Explosive . | . . . Electromagnetic . | . . . Robot Hit Streak 29 | . 9 29 Robot Miss Streak 7 | . 7 3 Penetration Max . | . . . Secondary Targets . | . . . Shots Hit Robots 113 | . 54 59 Core Hits 51 | . 30 21 Critical Kills . | . . . Critical Parts Destroyed . | . . . Critical Strikes . | . . . Melee Attacks . | . . . Impact . | . . . Slashing . | . . . Piercing . | . . . Sneak Attacks . | . . . Combat Hostiles . | . . . Follow-up Attacks . | . . . Damage Inflicted 2157 | . 986 1171 Guns 814 | . 323 491 Cannons 1317 | . 637 680 Explosions . | . . . Melee . | . . . Ramming 26 | . 26 . Kinetic 814 | . 323 491 Thermal 1317 | . 637 680 Explosive . | . . . Electromagnetic . | . . . Impact . | . . . Slashing . | . . . Piercing . | . . . Highest Corruption . | . . . Average Corruption . | . . . Corruption Purged . | . . . Corruption Blocked . | . . . Overload Shots . | . . . Overflow Damage 3 | . 2 1 Projectiles 3 | . 2 1 Explosions . | . . . Melee . | . . . Knockbacks . | . . . Impact . | . . . Kinetic . | . . . Secondary . | . . . Self-Inflicted Damage . | . . . Shots . | . . . Rammed 9 | . 9 . Targets Rammed 9 | . 9 . Kicked . | . . . Crushed . | . . . Highest Temperature 239 | . . 239 Average Temperature 124 | . . 124 Received Heat Transfer 509 | . 87 422 Siege Activations . | . . . Martial Activations . | . . . Shielding Activations . | . . . Robots Disrupted . | . . . Combat Hostiles . | . . . Robots Corrupted . | . . . Combat Hostiles . | . . . Parts Fried . | . . . Impact Corruptions . | . . . Robots Melted . | . . . Combat Hostiles . | . . . Parts Melted 5 | . 2 3 Heat Transferred 2368 | . 1147 1221 Parts Sabotaged . | . . . Parts Stolen . | . . . Parts Stripped . | . . . Power Chain Reactions . | . . . Alert | -11 -10 -10 ------- Run | Yrd Mat Sub Maximum Alert Level . | . . . Low Security (%) 100 | 100 100 . Level 1 . | . . . Level 2 . | . . . Level 3 . | . . . Level 4 . | . . . Level 5 . | . . . High Security . | . . . Max Security . | . . . Peak Influence 166 | . 166 . Initial . | . . . Average 46 | . 46 . Influence Increases 577 | . 467 110 Destroy 0b10 Robot/C 360 | . 280 80 Destroy 0b10 Robot/NC 40 | . 40 . Destroy Leader 76 | . 76 . Successful Hack 6 | . 6 . Disable Machine 30 | . 30 . Destroy Structure 5 | . 5 . Lose Combat Pursuer 60 | . 30 30 Influence Decreases 577 | . 467 110 Time Decay 577 | . 467 110 Squads Dispatched 4 | . 4 . Investigation 1 | . 1 . Extermination . | . . . Reinforcement 3 | . 3 . Assault . | . . . Garrison . | . . . Intercept . | . . . Searches Triggered . | . . . Construction Impeded . | . . . Haulers Reinforced . | . . . Active Scanning Responses . | . . . Cargo Convoy Interrupts . | . . . Stealth | -11 -10 -10 --------- Run | Yrd Mat Sub Distress Signals 1 | . 1 . Communications Jammed . | . . . Distress Signals . | . . . Times Spotted 49 | . 30 19 Peak Tracking Total 4 | . 4 4 Tactical Retreats 2 | . 1 1 Traps | -11 -10 -10 ------- Run | Yrd Mat Sub Traps Triggered 1 | . 1 . Indirectly . | . . . Trap Hack Attempts . | . . . Triggered . | . . . Disarmed . | . . . Reprogrammed . | . . . Reused . | . . . Traps Extracted . | . . . Installed . | . . . Triggered . | . . . Machines | -11 -10 -10 ---------- Run | Yrd Mat Sub Machines Disabled 2 | . 2 . Max in Single Turn 1 | . 1 . Machines Repaired . | . . . Machines Dismantled . | . . . Machines Sabotaged . | . . . Overloaded Fab Kills . | . . . Hacking | -11 -10 -10 --------- Run | Yrd Mat Sub Machines Accessed 6 | . 5 1 Terminals 4 | . 4 . Fabricators . | . . . Repair Stations 1 | . 1 . Recycling Units . | . . . Scanalyzers . | . . . Garrison Access . | . . . Total Hacks 23 | . 22 1 Successful 14 | . 13 1 Failed 9 | . 9 . Catastrophic . | . . . Database Lockouts . | . . . Manual 13 | . 13 . Terminals 13 | . 13 . Fabricators . | . . . Repair Stations 9 | . 9 . Recycling Units . | . . . Scanalyzers . | . . . Garrison Access . | . . . Terminal Hacks 2 | . 1 1 Record 1 | . . 1 Robot Analysis 1 | . 1 . Fabricator Hacks . | . . . Repair Station Hacks 9 | . 9 . Scan Component 4 | . 4 . Repair 4 | . 4 . Refit 1 | . 1 . Recycling Unit Hacks . | . . . Scanalyzer . | . . . Garrison Access Hacks . | . . . Unauthorized Hacks 3 | . 3 . Terminals 3 | . 3 . Botnet 3 | . 3 . Fabricators . | . . . Repair Stations . | . . . Recycling Units . | . . . Scanalyzers . | . . . Garrison Access . | . . . Data Cores Recovered . | . . . Used . | . . . Hacking Detections 4 | . 4 . Full Trace Events . | . . . Feedback Events . | . . . Feedback Blocked . | . . . Robot Schematics Acquired . | . . . Robots Built . | . . . Authchips . | . . . Time . | . . . Total Robot Build Rating . | . . . Part Schematics Acquired . | . . . Parts Built . | . . . Authchips . | . . . Time . | . . . Total Part Build Rating . | . . . Part Studies Acquired . | . . . Parts Repaired 4 | . 4 . Time 129 | . 129 . Parts Recycled . | . . . Recycled Matter . | . . . Retrieved Matter . | . . . Retrieved Components . | . . . Parts Scanalyzed . | . . . Part Schematics Acquired . | . . . Parts Damaged . | . . . Bothacking | -11 -10 -10 ------------ Run | Yrd Mat Sub Used RIF Installer . | . . . Robots Hacked . | . . . Non-combat . | . . . Combat . | . . . Robot Hacks Applied . | . . . Relay Couplers Released . | . . . Fabnet Peak Effective % . | . . . Robots Rewired . | . . . Allies Hacked . | . . . Hacks Repelled . | . . . Allies | -11 -10 -10 -------- Run | Yrd Mat Sub Total Allies . | . . . Largest Group . | . . . Highest-Rated Group . | . . . Highest-Rated Ally . | . . . Total Orders . | . . . Ally Attacks . | . . . Total Damage . | . . . Kills . | . . . Allies Corrupted . | . . . Allies Melted . | . . . Intel | -11 -10 -10 ------- Run | Yrd Mat Sub Active Infowar (turns) . | . . . Robot Analysis Total 1 | . 1 . Derelict Logs Recovered 2 | . . 2 Drone Launches . | . . . Drone Recoveries . | . . . Exploration | -11 -10 -10 ------------- Run | Yrd Mat Sub Turns Passed 4665 | 6 1955 2704 Spaces Moved 2328 | 1 882 1445 Core . | . . . Treads 2328 | 1 882 1445 Legs . | . . . Wheels . | . . . Hover . | . . . Flight . | . . . Fastest Speed 160 | 160 160 160 Average Speed 167 | 160 179 160 Slowest Speed 320 | 160 320 160 Overloaded Moves . | . . . Propulsion Burnouts . | . . . Robots Hopped . | . . . Potential Cave-ins . | . . . Cave-ins Triggered . | . . . Exploration Rate (%) 53 | 1 98 60 Regions Visited 2 Branch Regions 1 Pre-discovered Areas 2 | . . 2 Known Exits Taken . | . . . Unknown Exits Taken 2 | 1 1 . Scrap Searched 3 | . . 3 Spaces Dug 19 | . . 19 Terrain Destroyed 53 | . . 53 Melee . | . . . Projectile 53 | . . 53 AOE . | . . . Terrain Rammed . | . . . Walls Destroyed . | . . . Machines Disabled . | . . . Actions | -11 -10 -10 --------- Run | Yrd Mat Sub Total 2799 | 8 1145 1646 Wait 162 | . 155 7 Move 2326 | . 881 1445 Hop . | . . . Pick Up 24 | . 14 10 Fast Attach 8 | . 5 3 Attach 10 | 2 2 6 Detach 10 | 2 3 5 Swap 15 | . 10 5 Drop 28 | 4 14 10 Fire 207 | . 52 155 Melee . | . . . Ram . | . . . Kick . | . . . Crush 9 | . 9 . Escape Stasis . | . . . Rewire . | . . . Trap . | . . . Miscellaneous . | . . . Route ------- -11/Scrapyard -10/Materials (discovered 6 exits: [*Mat x3] / [*Min x2] / *Sub) -10/Subcaves (discovered 3 exits: [*Mat x2] / [*Rec]) History --------- Turn | Location | Event 7 | -11/Scrapyard | Discovered new exit (range 0) 7 | -11/Scrapyard | Entered Materials 118 | -10/Materials | Discovered new exit (range 6) 330 | -10/Materials | Build established: Mutant 514 | -10/Materials | Discovered new exit (range 12) 612 | -10/Materials | Discovered new exit (range 5) 1094 | -10/Materials | Discovered new exit (range 6) 1359 | -10/Materials | Discovered new exit (range 10) 1649 | -10/Materials | Discovered new exit (range 10) 1722 | -10/Materials | Repaired Lgt. Treads 1776 | -10/Materials | Repaired Adv. Beam Cannon 1804 | -10/Materials | Repaired Assault Rifle 1831 | -10/Materials | Repaired Lgt. Treads 1962 | -10/Materials | Entered Subcaves 1989 | -10/Subcaves | A swath of the cavern ceiling suddenly collapsed 2043 | -10/Subcaves | Shifting Twisted Machinery released Mak. Axe 2074 | -10/Subcaves | Shifting Twisted Machinery released Sub. Power Source 2134 | -10/Subcaves | Discovered new exit (range 15) 2260 | -10/Subcaves | Learned location of Storage (-7) 2322 | -10/Subcaves | Shifting Twisted Machinery released Sub. Machine Gun 2364 | -10/Subcaves | Shifting Twisted Machinery released Sub. Laser 2369 | -10/Subcaves | Shifting Twisted Machinery released Scrap Shield 2412 | -10/Subcaves | A Subdweller sparked back to life 2435 | -10/Subcaves | Core integrity fell below 50% 2477 | -10/Subcaves | Found Prototype Power Core 2692 | -10/Subcaves | Core integrity fell below 20% 2707 | -10/Subcaves | Discovered new exit (range 11) 2860 | -10/Subcaves | Visited Clippyterm 2865 | -10/Subcaves | Learned Research machine intel 3234 | -10/Subcaves | Discovered new exit (range 10) 3759 | -10/Subcaves | Shifting Twisted Machinery released Spk. Treads 4655 | -10/Subcaves | Ambushed by Subdweller buried in earth 4657 | -10/Subcaves | Ambushed by Subdweller buried in earth 4666 | -10/Subcaves | Destroyed by AM-WE2(R) with Subdweller Machine Gun Last Messages --------------- Gun. Spk. Treads falls loose from the Twisted Machinery. 03773_ Dropped Lgt. Treads. 03937_ Acquired 10 matter. 04268_ Searching scrap... 04268_ Found Mak. Axe. 04268_ Found Battle Cannon. 04268_ Found 59 Matter. 04270_ Searching scrap... 04270_ Found Battle Rifle. 04270_ Found 42 Matter. 04276_ Searching scrap... 04276_ Found Battle Rifle. 04276_ Found 33 Matter. 04313_ Dropped Scrap Shield. 04388_ Acquired Backup Plating I. 04656_ AM-WE2(R): "ARGHSUB!" 04658_ BV-Y8V(R): "ARGHSUB!" 04660_ Ion Engine destroyed. Map ----- +----------------------------------------------------+ | ?????????????????????????????????????????????????? | | ?????????????????????????????????????????????????? | | ?????????????????????????????????????????????????? | | ?????????????????????????????????????????????????? | | ?????????????????????????????????????????????????? | | ?????????????????????????????????????????????????? | | ?????????????????????????????????????????????????? | | ?????????????????????????????????????????????????? | | ?????????????????????????????????????????????????? | | ?????????????????????????????????????????????????? | | ?????????????????????????????????????????????????? | | ???????????????????????????? ????????????????????? | | ???????????????????????????? ????????????????????? | | ???????????????????????????? ????????????????????? | | ???????????????????????????? ???????????????????? | | ?????????????????????####??# ???????????????????? | | ????????????????????## #### #??????????????????? | | ????????????????????# ## ???????????????????? | | ???????????????????## #???????????????????? | | ???????????????????# #???????????????????? | | ??????????????????## #???????????????????? | | ?????????????????## #???????????????????? | | ???????????????### #? ###?????????????????? | | ???????????????# ### # #?????????????????? | | ???????????????# ## #??????????????????? | | ???????????????# @R #??????????????????? | | ??????????????## ### ##???##????????????? | | ??????????????# ###?# ### #????????????? | | ??????????????# #???# ## # #?????????????? | | ??????????????# #####??# ## # #??????????????? | | ??????????????# ##????# # #???????????????? | | ?????????????## ##?##### #????????????????? | | ????????????## ### # ##????????????????? | | ????????????# ##?????????????????? | | ????????????# #?????????????????? | | ##?????????## #### #??######?????????? | | ##??????### ##??##### #?## #?????????? | | ######?# #######?## ### #??????????? | | #?# ## #### ## ##?????????? | | #?## #### ## #####?????? | | #### ##??# & ## # #?????? | | ### ##??##& ## ### ## # ## # #?????? | | ## ##??# ### ##### #%] # #?????? | | #??### ### #??# ##%/ # #?????? | | ###????## #??# " #"[[ # #?????? | | ######??## #??### #"% ## #?????? | | ### #### ###### ##### #?????? | | % ## ## " ## ## #?????? | | #### ## &%""" ! ######?????? | | %#??# #### #### " #??????????? | +----------------------------------------------------+ Best States ------------- Heat Dissipation 47 Energy Generation 10 Energy Capacity 250 Matter Stores 300 Matter Capacity 300 Sight Range 16 Terrain Scan Density 10 Armor Coverage 80 Evasion (%) 40 Recoil Reduction 2 Item Schematics ----------------- None Robot Schematics ------------------ None Fabricated ------------ Nothing Repaired ---------- Lgt. Treads | 61% | -10/Materials Adv. Beam Cannon | 83% | -10/Materials Assault Rifle | 41% | -10/Materials Lgt. Treads | 92% | -10/Materials Studied --------- None Alien Tech Used ----------------- None Achievements -------------- None Challenges ------------ None Game ------ Seed ForceAssaultJammer Manual? 0 Play Time 00:24:23 Cumulative 95.9 hours Start 2026.04.04 @ 20:16:42 End 2026.04.04 @ 20:59:55 Sessions 1 Manual Loads 0 Difficulty Rogue Special Mode None Game No. 83 Rogue 83 Adventurer 0 Explorer 0 Win Type - Total 5 Types 3/0/1/1/0/0/0/0/0/0 Lore% 54 Gallery% 46 Achievement% 41 Wizard Run 0 Options --------- Layout 2 ASCII 0 Keyboard 1 Movement Arrows Keybinds 0 Fullscreen 2 Font 24/Terminus Map View 50x44 Zoom Use 0% Tactical HUD 1 Map Filters NONE Filters NONE Steam 1 RUN: fc0b5056-6d53-4631-8944-427df06e87e5